 Dungeon Crawl Stone Soup version 0.21.1-1-g345015f (webtiles) character file.

81 tyranidshit the Skirmisher (level 4, -2/39 HPs)
             Began as a Demonspawn Abyssal Knight on July 25, 2018.
             Was a Follower of Lugonu.
             Slain by Crazy Yiuf
             ... wielding a +3 quarterstaff of chaos
              (6 damage)
             ... on level 3 of the Dungeon.
             The game lasted 00:05:21 (1569 turns).

tyranidshit the Skirmisher (DsAK)                   Turns: 1569, Time: 00:05:22

Health: -2/39      AC:  9    Str: 13    XL:     4   Next: 19%
Magic:  5/5        EV: 14    Int: 14    God:    Lugonu [*.....]
Gold:   134        SH:  0    Dex: 17    Spells: 3/3 levels left

rFire    . . .     SeeInvis .   a - +1 hand axe
rCold    . . .     Gourm    .   (no shield)
rNeg     . . .     Faith    .   i - +0 scale mail
rPois    .         Spirit   .   (no helmet)
rElec    .         Reflect  .   (no cloak)
rCorr    .         Harm     .   (no gloves)
MR       .....                  (no boots)
Stlth    +.........             (no amulet)
HPRegen  0.13/turn              (no ring)
MPRegen  0.09/turn              (no ring)

@: agile, lethally poisoned (-2 -> -2), very slightly contaminated
A: claws 1, thin metallic scales 2
a: Depart the Abyss, Renounce Religion


You were on level 3 of the Dungeon.
You worshipped Lugonu.
Lugonu was aware of your devotion.
You were not hungry.

You visited 1 branch of the dungeon, and saw 3 of its levels.
You visited the Abyss 1 time.

You collected 134 gold pieces.

Inventory:

Hand Weapons
 a - a +1 hand axe (weapon)
Armour
 b - a +0 leather armour
 i - a +0 scale mail (worn)
 j - a +1 ring mail
Scrolls
 d - a scroll of fear
 e - 4 scrolls of remove curse
 h - a scroll of blinking
 k - 2 scrolls of teleportation
Comestibles
 c - 4 rations


   Skills:
 - Level 5.1 Fighting
 - Level 1.7 Axes
 + Level 1.7 Armour
 - Level 0.8 Dodging
 - Level 2.4 Invocations


You had 3 spell levels left.
You didn't know any spells.

Dungeon Overview and Level Annotations

Branches:
Dungeon (3/15)

Altars:

Annotations:
D:3 Crazy Yiuf


Innate Abilities, Weirdness & Mutations

You have sharp fingernails.
You are mostly covered in thin metallic scales. (AC +3)


Message History

You hit Crazy Yiuf.
Crazy Yiuf is moderately wounded.
You flicker for a moment.
Crazy Yiuf misses you.
You strike the helpless Crazy Yiuf from behind!
You hit Crazy Yiuf but do no damage.
Crazy Yiuf is moderately wounded.
Crazy Yiuf hits you but does no damage.
Unknown command.
You strike the helpless Crazy Yiuf from behind!
You hit Crazy Yiuf.
Crazy Yiuf is heavily wounded.
You feel sick.
Unknown command.
You hit Crazy Yiuf.
Crazy Yiuf is heavily wounded.
You flicker back into view.
You feel sick.
Crazy Yiuf hits you with a quarterstaff of chaos.
You die...

............. ### ...........
................ .......?..... .
#.........#...###.....##..... ..
#.........#.....#.....##..... ...
#.........#.....#.....##.....
....###.......#.....#.....##.....
....................#.....##.....
..........................##.....
..........####..@.........#####..
.#.........###.g.......#.....##..
##.....#.......###...>#.........
................###....#.........
.......................#.........
..........#..........##..........
.....................##..........
..............##.....##..........
....................##..........


You could see Crazy Yiuf.

Vanquished Creatures
  Natasha (D:2)
  An adder (D:2)
  3 worms (D:2)
  A dart slug (D:1)
  A leopard gecko (D:1)
  A ball python (D:2)
  5 giant cockroaches
  3 hobgoblins
  3 jackals (D:2)
  5 kobolds
  4 bats
  2 frilled lizards
  3 goblins (D:2)
  5 rats
38 creatures vanquished.

Notes
Turn   | Place    | Note
-------+----------+-------------------------------------------
     0 | Abyss:1  | tyranidshit the Demonspawn Abyssal Knight began the quest for the Orb.
     0 | Abyss:1  | Reached XP level 1. HP: 18/18 MP: 2/2
    59 | Abyss:2  | Noticed a thrashing horror
    66 | D:1      | Escaped the Abyss
   192 | D:1      | Reached * piety under Lugonu
   192 | D:1      | Gained mutation: You have sharp fingernails. [demonic ancestry]
   192 | D:1      | Reached XP level 2. HP: 10/24 MP: 3/3
   743 | D:2      | Reached skill level 4 in Fighting
   932 | D:2      | Gained mutation: You are partially covered in thin metallic scales. (AC +2) [demonic ancestry]
   932 | D:2      | Reached XP level 3. HP: 28/31 MP: 4/4
  1010 | D:2      | Found a runed door.
  1049 | D:2      | Noticed Crazy Yiuf
  1127 | D:2      | Noticed Natasha
  1157 | D:2      | Killed Natasha
  1157 | D:2      | Reached skill level 5 in Fighting
  1157 | D:2      | Gained mutation: You are mostly covered in thin metallic scales. (AC +3) [demonic ancestry]
  1157 | D:2      | Reached XP level 4. HP: 17/39 MP: 5/5
  1289 | D:2      | Reached ** piety under Lugonu
  1569 | D:3      | Slain by Crazy Yiuf

Skill      XL: |  1  2  3 |
---------------+----------+-----
Fighting       | 4 5 |  5.1
Axes           | |  1.7
Armour         | |  1.7
Dodging        | |  0.8
Invocations    | |  2.4

Action                   |  1- 3 |  4- 6 || total
-------------------------+-------+-------++-------
Melee: Hand axe          |   106 |    30 ||   136
Invok: Depart the Abyss  |     1 |       ||     1
  Use: Scroll            |     9 |     1 ||    10
       Potion            |     2 |     1 ||     3
 Stab: Invisible         |       |     2 ||     2
  Eat: Ration            |     1 |       ||     1
Armor: Leather armour    |    11 |       ||    11
       Ring mail         |    35 |    21 ||    56
       Scale mail        |       |     5 ||     5
Dodge: Dodged            |    79 |    21 ||   100
